 Dungeon Crawl Stone Soup version 0.31-a0-162-gc4c5a43528 (webtiles) character file.

Game seed: 3533372644829649002

28347 qw the Marksgargoyle (level 13, -11/84 HPs)
             Began as a Gargoyle Hunter on June 12, 2023.
             Was an Elder of Okawaru.
             Mangled by a death yak (16 damage)
             ... on level 3 of the Lair of Beasts.
             The game lasted 00:04:29 (9815 turns).

qw the Marksgargoyle (Gargoyle Hunter)              Turns: 9815, Time: 00:04:30

Health: -11/84     AC: 25    Str: 15    XL:     13   Next: 38%
Magic:  15/20      EV: 21    Int: 11    God:    Okawaru [****..]
Gold:   952        SH:  0    Dex: 23    Spells: 12/12 levels left

rFire   . . .        k - +9 longbow (drain)
rCold   . . .        (shield currently unavailable)
rNeg    + . .        a - +0 steam dragon scales
rPois   inf          v - +1 helmet
rElec   +            d - +0 cloak
rCorr   .            q - +0 pair of gloves
SInv    +            x - +1 pair of boots
Will    .....        i - amulet of regeneration
Stlth   ++++         t - +6 ring of dexterity
HPRegen 1.14/turn    s - ring of see invisible
MPRegen 0.17/turn

%: no passive effects
@: about to teleport, heroic, finesse-ful
A: sickness immunity, AC +9, negative energy resistance 1, electricity
resistance, torment resistance 1, petrification resistance
a: Renounce Religion, Heroism, Finesse


You were on level 3 of the Lair of Beasts.
You worshipped Okawaru.
Okawaru was greatly pleased with you.
You visited 3 branches of the dungeon, and saw 14 of its levels.
You also visited: Gauntlet.

You collected 952 gold pieces.


Innate Abilities, Weirdness & Mutations

You are immune to sickness and miasma.
Your stone body is resilient. (AC +9)
You are immune to poison.
You resist negative energy. (rN+)
You are resistant to electric shocks. (rElec)
You are resistant to unholy torment.
You are immune to petrification.


   Skills:
 - Level 11.0(16.0) Fighting
 - Level 16.1(21.1) Ranged Weapons
 - Level 6.1(11.1) Armour
 + Level 5.8(10.8) Dodging
 - Level 1.1(6.1) Stealth
 - Level 10.1 Invocations


You had 12 spell levels left.
You didn't know any spells.
Your spell library was empty.

Inventory:

Hand Weapons
 k - a +9 longbow of draining (weapon)
 p - a +0 orcbow
Armour
 a - +0 steam dragon scales (worn)
 d - a +0 cloak (worn)
 q - a +0 pair of gloves (worn)
 v - a +1 helmet (worn)
 x - a +1 pair of boots (worn)
Jewellery
 c - the ring of the Messenger {rF- rCorr MP+9 Str+3 Stlth+}
   (You took it off a minotaur in a Gauntlet)

   [ring of magical power]

   Str:       It affects your strength (+3).
   rF:        It makes you vulnerable to fire.
   MP:        It affects your magic capacity (+9).
   rCorr:     It protects you from acid and corrosion.
   Stlth:     It makes you more stealthy.
 h - the amulet of Elemental Vulnerability {rPois rF-- rC-- AC+8}
   (You found it on level 2 of the Dungeon)

   [amulet of nothing]

   AC:        It affects your AC (+8).
   rF:        It makes you very vulnerable to fire.
   rC:        It makes you very vulnerable to cold.
   rPois:     It protects you from poison.
 i - an amulet of regeneration (around neck)
 m - a ring of fire
 s - a ring of see invisible (right hand)
 t - a +6 ring of dexterity (left hand)
 w - a ring of ice
 Y - a ring of positive energy
Scrolls
 g - a scroll of identify
 r - a scroll of teleportation
Potions
 b - 5 potions of haste
 e - a potion of mutation
 f - a potion of lignification
 j - 2 potions of might
 l - 2 potions of magic
 o - 5 potions of curing

Dungeon Overview and Level Annotations

Branches:
Dungeon (9/15)             Temple (1/1) D:7            Lair (4/5) D:9
 Shoals (0/4) Lair:2        Snake (0/4) Lair:3      Gauntlet (visited)
  Slime: Lair:4-5       Orc: D:9-12

Altars:
Ashenzari
Cheibriados
Dithmenos
Elyvilon
Fedhas
Gozag
Hepliaklqana
Kikubaaqudgha
Makhleb
Nemelex Xobeh
Okawaru
Qazlal
Ru
Sif Muna
Trog
Uskayaw
Vehumet
Wu Jian
Xom
Yredelemnul
Zin
The Shining One

Shops:
D:2 =

Annotations:
D:8 1 runed translucent door, qw's ghost, novice MiHu
Lair:3 2 transporters, qw's ghost, journeyman MiHu


Message History

Enter note:
Enter note:
Enter note:
Enter note:
Enter note:
Enter note:
Enter note:
Enter note:
Enter note: You shoot an arrow.
The arrow hits the death yak!!
You kill the death yak!
Okawaru is honoured by your kill.
You can now enter into single combat with a foe.
Okawaru will now gift you equipment as you gain piety.
The death yak barely misses you.
The death yak gores you but does no damage.
9809 ||| INVOKING Finesse.
You can now deal lightning-fast blows.
You can no longer enter into single combat with a foe.
Okawaru will no longer gift you equipment.
The death yak completely misses you. The death yak gores you!!
9810 ||| READING 2 scrolls of teleportation.
As you read the scroll of teleportation, it crumbles to dust.
You feel strangely unstable. The death yak misses you.
The death yak completely misses you.
You shoot an arrow. The arrow hits the death yak.
The death yak is moderately wounded.
You shoot an arrow. The arrow hits the death yak!!
You drain the death yak.
The death yak is severely wounded.
You shoot an arrow. The arrow barely misses the death yak.
The arrow hits the fungus!!
The fungus begins to die.
You drain the fungus!
The fungus is lightly damaged.
The death yak misses you. The death yak gores you!
You shoot an arrow. The arrow hits the death yak!
The death yak is severely wounded.
You shoot an arrow. The arrow hits the death yak!!
You kill the death yak!
Okawaru accepts your kill. The death yak gores you!
You die...

#......######.....# ##...##
#.##...# #.....## #....# ####..##
##......# ##..... #...# #......##
#...... ######..## #......##
##..%.# P.......# ##......#
#..... ...PP...# ##.....##
##....# ..####..## #......#
#...... ### #...# ##Y@%..#
##..(.# #..P# #..%..## ###....#
#..## ##.....P#####....... #
###..######.......##PP###..... #
##................^...........#
###.............................#
##.....................P.%......#
####...........<....#PPP#.#.....#
# ######...........P.P......P..#


You could see a death yak.

Vanquished Creatures
  Rupert (Lair:3)
  Gastronok (Lair:3)
  A minotaur (Gauntlet)
  2 hydras
  A catoblepas (Lair:2)
  2 two-headed ogres (D:9)
  A boulder beetle (Lair:3)
  4 death yaks
  A soul eater (Gauntlet)
  A fire crab (Gauntlet)
  A wizard (Gauntlet)
  5 elephants (Lair:4)
  3 black mambas
  3 cane toads
  A rime drake (Lair:1)
  5 komodo dragons
  A queen bee (D:9)
  5 hornets
  9 blink frogs (Lair:2)
  6 wyverns
  2 fire bats (Gauntlet)
  A wraith (D:9)
  18 yaks
  3 basilisks
  2 steam dragons
  3 wargs (D:9)
  Menkaure (D:4)
  14 water moccasins
  A black bear (D:7)
  An ice beast (D:6)
  An ogre (D:5)
  2 centaurs (D:6)
  A kobold brigand (D:8)
  A phantom (D:5)
  3 scorpions
  14 bullfrogs
  3 wights (D:5)
  35 killer bees
  2 howler monkeys (D:8)
  An electric eel (D:9)
  2 gnoll boudas
  2 hounds
  A jelly (D:5)
  6 orc priests
  3 orc wizards
  13 gnolls
  8 adders
  5 shadow imps (Gauntlet)
  2 white imps
  2 ufetubi
  2 worms (D:2)
  2 dart slugs
  14 orcs
  8 bats
  3 endoplasms
  6 giant cockroaches
  7 goblins
  5 hobgoblins
  4 jackals (D:3)
  15 kobolds
  5 quokkas
  10 ball pythons
  2 frilled lizards (D:2)
  5 rats
295 creatures vanquished.

Notes
Turn   | Place    | Note
-------+----------+-------------------------------------------
     0 | D:1      | qw the Gargoyle Hunter began the quest for the Orb.
     0 | D:1      | Reached XP level 1. HP: 12/12 MP: 1/1
     0 | D:1      | 0 ||| qw: Version: 0.2-a-29-gc1b59c4
     0 | D:1      | 0 ||| qw: Game counter: 4314
     0 | D:1      | 0 ||| qw: Always use a shield: true
     0 | D:1      | 0 ||| qw: God list: Okawaru
     0 | D:1      | 0 ||| qw: Allow faded altars: false
     0 | D:1      | 0 ||| qw: Do Orc after D:15 true
     0 | D:1      | 0 ||| qw: Do second Lair branch before Depths: true
     0 | D:1      | 0 ||| qw: Lair rune preference: random
     0 | D:1      | 0 ||| qw: Plans: Normal, Zot:1-4, Slime:5, God:TSO, Crypt,
                  | Tomb, Abyss, Pan, Hells, Win
     0 | D:1      | 0 ||| PLANNING D:1-11
   171 | D:1      | Reached XP level 2. HP: 17/17 MP: 2/2
   552 | D:1      | Reached XP level 3. HP: 21/21 MP: 3/3
   810 | D:1      | 810 ||| UPGRADING to +0 helmet.
   815 | D:1      | 815 ||| UPGRADING to amulet of regeneration.
   820 | D:1      | 820 ||| UPGRADING to ring of see invisible.
   821 | D:1      | 821 ||| READING scroll labelled CIMIN GAYMNEAC.
   822 | D:1      | 822 ||| READING scroll labelled DYQ RIXKOYWAE.
   823 | D:1      | 823 ||| READING 3 scrolls labelled LIRCHU VYUME.
   824 | D:1      | 824 ||| DRINKING 2 sapphire potions.
   825 | D:1      | 825 ||| READING 2 scrolls of identify.
   825 | D:1      | 825 ||| IDENTIFYING metallic amethyst potion
   826 | D:1      | 826 ||| DROPPING scroll of butterflies.
   827 | D:1      | 827 ||| DROPPING potion of degeneration.
   975 | D:2      | Reached skill level 5 in Ranged Weapons
  1304 | D:2      | Reached skill level 3 in Fighting
  1304 | D:2      | Reached XP level 4. HP: 28/28 MP: 4/4
  1405 | D:2      | Found Ussinim's Jewellery Shop.
  1406 | D:2      | Found the amulet of Elemental Vulnerability {rPois rF--
                  | rC-- AC+8}
  1419 | D:2      | 1419 ||| SHOPLISTING +6 ring of dexterity (468 gold, have
                  | 90).
  1419 | D:2      | 1419 ||| SHOPLISTING amulet of faith (520 gold, have 90).
  1419 | D:2      | 1419 ||| SHOPLISTING ring of fire (325 gold, have 90).
  1419 | D:2      | 1419 ||| SHOPLISTING ring of positive energy (260 gold,
                  | have 90).
  1448 | D:2      | Found a glowing golden altar of the Shining One.
  1740 | D:2      | 1740 ||| UPGRADING to +0 cloak.
  1745 | D:2      | 1745 ||| READING scroll labelled QILEHO DIGIQE.
  1746 | D:2      | 1746 ||| READING scroll labelled VAQOUFFAELU.
  1747 | D:2      | 1747 ||| READING scroll labelled MUESEM DOCOGG.
  1748 | D:2      | 1748 ||| READING scroll labelled DIBIUC HOMMEG.
  1748 | D:2      | Identified a scroll of acquirement
  1748 | D:2      | 1748 ||| ACQUIRING +5 longbow of draining
  1748 | D:2      | Acquired a +5 longbow of draining
  1750 | D:2      | 1750 ||| SWAPPING to +5 longbow of draining.
  1751 | D:2      | 1751 ||| READING 2 scrolls of identify.
  1751 | D:2      | 1751 ||| IDENTIFYING lumpy purple potion
  1849 | D:3      | Reached skill level 1 in Armour
  2024 | D:3      | 2024 ||| UPGRADING to +0 ring mail.
  2034 | D:3      | 2034 ||| DROPPING +0 leather armour.
  2035 | D:3      | 2035 ||| UPGRADING to +0 pair of boots.
  2123 | D:4      | Reached XP level 5. HP: 32/32 MP: 5/5
  2169 | D:4      | Reached skill level 6 in Ranged Weapons
  2182 | D:4      | Reached XP level 6. HP: 32/38 MP: 6/6
  2266 | D:4      | Found a snail-covered altar of Cheibriados.
  2345 | D:4      | Noticed Menkaure
  2349 | D:4      | Killed Menkaure
  2537 | D:4      | 2537 ||| UPGRADING to +0 pair of gloves.
  2542 | D:4      | 2542 ||| READING 3 scrolls labelled BAPRIQUASK.
  2543 | D:4      | 2543 ||| READING scroll labelled ROAHUE RYSIA.
  2544 | D:4      | 2544 ||| READING 2 scrolls of identify.
  2544 | D:4      | 2544 ||| IDENTIFYING smoky inky potion
  2545 | D:4      | 2545 ||| DROPPING 2 scrolls of amnesia.
  2546 | D:4      | 2546 ||| DROPPING potion of brilliance.
  2555 | D:5      | Entered Level 5 of the Dungeon
  2589 | D:5      | Reached skill level 7 in Ranged Weapons
  2589 | D:5      | Reached XP level 7. HP: 44/44 MP: 7/7
  2622 | D:5      | HP: 11/44 [orc/+0 short sword (3)]
  2630 | D:5      | Reached skill level 8 in Ranged Weapons
  2733 | D:5      | Reached skill level 3 in Armour
  2733 | D:5      | Reached XP level 8. HP: 49/49 MP: 8/8
  3017 | D:5      | 3017 ||| DROPPING ring of magical power.
  3018 | D:5      | 3018 ||| UPGRADING to ring of positive energy.
  3019 | D:5      | 3019 ||| READING scroll labelled KOIMUTW CYEKK.
  3020 | D:5      | 3020 ||| DRINKING 2 red potions.
  3021 | D:5      | 3021 ||| READING 2 scrolls of identify.
  3021 | D:5      | 3021 ||| IDENTIFYING smoky grey potion
  3097 | D:6      | Identified the +6 falchion of Duof {freeze, rF+ Dex+4}
  3187 | D:6      | Reached skill level 9 in Ranged Weapons
  3212 | D:6      | Reached skill level 6 in Fighting
  3308 | D:6      | 3308 ||| READING scroll of enchant weapon.
  3308 | D:6      | 3308 ||| ENCHANTING +6 longbow of draining.
  3338 | D:6      | 3338 ||| READING scroll of enchant weapon.
  3338 | D:6      | 3338 ||| ENCHANTING +7 longbow of draining.
  3472 | D:6      | Identified the +3 scale mail of Absence {-Tele rC+ Str+2
                  | Dex+8}
  3595 | D:6      | 3595 ||| UPGRADING to +1 helmet.
  3605 | D:6      | 3605 ||| DROPPING +0 helmet.
  3606 | D:6      | 3606 ||| READING scroll labelled HEFIOM XOSHAMOLLA.
  3607 | D:6      | 3607 ||| READING scroll labelled NUKATISOISAU.
  3647 | D:7      | Reached XP level 9. HP: 56/56 MP: 9/9
  3667 | D:7      | Reached skill level 10 in Ranged Weapons
  3754 | D:7      | Found a white marble altar of Elyvilon.
  4173 | D:7      | Found a sacrificial altar of Ru.
  4272 | D:7      | Found a staircase to the Ecumenical Temple.
  4273 | D:7      | 4273 ||| PLANNING TEMPLE
  4276 | D:7      | 4276 ||| UPGRADING to +0 steam dragon scales.
  4286 | D:7      | 4286 ||| DROPPING +0 ring mail.
  4287 | D:7      | 4287 ||| READING scroll labelled GEAJU VUEBOIWED.
  4291 | D:7      | 4291 ||| READING 2 scrolls of identify.
  4291 | D:7      | 4291 ||| IDENTIFYING yellow potion
  4292 | D:7      | 4292 ||| DROPPING potion of enlightenment.
  4358 | Temple   | Entered the Ecumenical Temple
  4463 | Temple   | 4463 ||| PLANNING OKAWARU WORSHIP
  4559 | Temple   | Became a worshipper of Warmaster Okawaru
  4559 | Temple   | 4559 ||| PLANNING D:1-11
  4647 | D:8      | Reached skill level 3 in Dodging
  4662 | D:8      | Reached * piety under Okawaru
  4666 | D:8      | Reached skill level 1 in Invocations
  4685 | D:8      | 4685 ||| INVOKING Heroism.
  4689 | D:8      | Reached skill level 11 in Ranged Weapons
  4735 | D:8      | Reached XP level 10. HP: 58/64 MP: 10/12
  4886 | D:8      | Reached skill level 3 in Invocations
  4897 | D:8      | Found a runed translucent door.
  4897 | D:8      | Noticed qw's ghost (novice MiHu)
  4908 | D:8      | Reached ** piety under Okawaru
  4930 | D:8      | Found a radiant altar of Vehumet.
  4969 | D:8      | 4969 ||| FLEEEEING.
  4974 | D:8      | 4974 ||| FLEEEEING.
  4975 | D:8      | 4975 ||| FLEEEEING.
  4976 | D:8      | 4976 ||| FLEEEEING.
  4977 | D:8      | 4977 ||| FLEEEEING.
  4981 | D:8      | 4981 ||| FLEEEEING.
  4983 | D:8      | 4983 ||| Stepping ~*~*~tactically~*~*~ (outnumbered).
  5663 | D:8      | 5663 ||| READING 2 scrolls of identify.
  5663 | D:8      | 5663 ||| IDENTIFYING ruby potion
  5699 | D:9      | Noticed a two-headed ogre
  5700 | D:9      | 5700 ||| INVOKING Heroism.
  5708 | D:9      | Killed a two-headed ogre
  5802 | D:9      | 5802 ||| INVOKING Heroism.
  5819 | D:9      | Found a broken altar of Ashenzari.
  5820 | D:9      | Found a hazy altar of Hepliaklqana.
  5948 | D:9      | Reached skill level 12 in Ranged Weapons
  5955 | D:9      | Noticed a two-headed ogre
  5956 | D:9      | 5956 ||| INVOKING Heroism.
  5960 | D:9      | Killed a two-headed ogre
  5984 | D:9      | 5984 ||| INVOKING Heroism.
  6004 | D:9      | Reached *** piety under Okawaru
  6203 | D:9      | Found a staircase to the Lair.
  6255 | D:9      | Reached skill level 13 in Ranged Weapons
  6261 | D:9      | Reached XP level 11. HP: 69/69 MP: 14/14
  6284 | D:9      | Reached skill level 9 in Fighting
  6384 | D:9      | 6384 ||| PLANNING LAIR
  6384 | D:9      | 6384 ||| READING 2 scrolls labelled OMAIGOI UXIY.
  6385 | D:9      | 6385 ||| READING scroll labelled NAHUMA ROLIU.
  6396 | D:9      | 6396 ||| DROPPING scroll of blinking.
  6441 | Lair:1   | Entered Level 1 of the Lair of Beasts
  6455 | Lair:1   | 6455 ||| STAIRDANCE
  6457 | D:9      | 6457 ||| INVOKING Heroism.
  6468 | D:9      | Reached **** piety under Okawaru
  6641 | Lair:1   | 6641 ||| INVOKING Heroism.
  6693 | Lair:1   | 6693 ||| INVOKING Heroism.
  6732 | Lair:1   | Reached skill level 6 in Invocations
  7175 | Lair:1   | 7175 ||| INVOKING Heroism.
  7319 | Lair:2   | 7319 ||| PLANNING GAUNTLET
  7323 | Lair:2   | 7323 ||| STAIRDANCE
  7335 | Lair:1   | Reached skill level 14 in Ranged Weapons
  7348 | Lair:2   | Reached ***** piety under Okawaru
  7351 | Lair:2   | 7351 ||| STAIRDANCE
  7387 | Lair:2   | Found a gate leading to a gauntlet.
  7395 | Gauntlet | Entered a Gauntlet
  7395 | Gauntlet | Noticed a catoblepas
  7395 | Gauntlet | Noticed a soul eater
  7395 | Gauntlet | Found a large runed translucent door.
  7395 | Gauntlet | Found a large runed translucent door.
  7395 | Gauntlet | Found a large runed translucent door.
  7395 | Gauntlet | Found a large runed translucent door.
  7395 | Gauntlet | Found a large runed translucent door.
  7395 | Gauntlet | Found a large runed translucent door.
  7395 | Gauntlet | Found a large runed translucent door.
  7395 | Gauntlet | Found a large runed translucent door.
  7395 | Gauntlet | Found a runed translucent door.
  7395 | Gauntlet | Found a runed translucent gate.
  7395 | Gauntlet | Found a transporter.
  7395 | Gauntlet | Found a transporter.
  7395 | Gauntlet | Found a runed translucent gate.
  7395 | Gauntlet | Found a transporter.
  7399 | Gauntlet | Found a transporter.
  7399 | Gauntlet | Found a transporter.
  7403 | Gauntlet | Found a runed translucent gate.
  7403 | Gauntlet | Found a runed translucent door.
  7404 | Gauntlet | Found a large runed translucent door.
  7404 | Gauntlet | Found a large runed translucent door.
  7409 | Gauntlet | Found a transporter.
  7411 | Gauntlet | Noticed a wizard
  7426 | Gauntlet | Found a transporter.
  7431 | Gauntlet | Found a transporter.
  7434 | Gauntlet | Noticed a fire crab
  7448 | Gauntlet | Found a transporter.
  7456 | Gauntlet | Found a transporter.
  7476 | Gauntlet | Found a transporter.
  7478 | Gauntlet | Found a large runed translucent door.
  7478 | Gauntlet | Found a large runed translucent door.
  7479 | Gauntlet | Found a large runed translucent door.
  7479 | Gauntlet | Found a large runed translucent door.
  7480 | Gauntlet | Found a large runed translucent door.
  7480 | Gauntlet | Found a large runed translucent door.
  7528 | Gauntlet | Found a transporter.
  7611 | Gauntlet | 7611 ||| INVOKING Heroism.
  7622 | Gauntlet | Killed a soul eater
  7658 | Gauntlet | 7658 ||| READING scroll of enchant weapon.
  7658 | Gauntlet | 7658 ||| ENCHANTING +8 longbow of draining.
  7659 | Gauntlet | 7659 ||| DROPPING scarf of invisibility.
  7678 | Gauntlet | 7678 ||| INVOKING Heroism.
  7681 | Gauntlet | Reached XP level 12. HP: 50/77 MP: 14/17
  7724 | Gauntlet | 7724 ||| Stepping ~*~*~tactically~*~*~ (cloud).
  7726 | Gauntlet | 7726 ||| Stepping ~*~*~tactically~*~*~ (cloud).
  7727 | Gauntlet | 7727 ||| INVOKING Heroism.
  7728 | Gauntlet | HP: 18/77 [fire crab (10)]
  7728 | Gauntlet | HP: 5/77 [fire crab (13)]
  7729 | Gauntlet | 7729 ||| DRINKING 4 potions of heal wounds.
  7730 | Gauntlet | 7730 ||| DRINKING 3 potions of heal wounds.
  7732 | Gauntlet | 7732 ||| DRINKING 2 potions of heal wounds.
  7735 | Gauntlet | HP: 17/77 [fire crab (6)]
  7735 | Gauntlet | HP: 7/77 [fire crab (10)]
  7736 | Gauntlet | 7736 ||| DRINKING potion of heal wounds.
  7738 | Gauntlet | 7738 ||| Stepping ~*~*~tactically~*~*~ (cloud).
  7739 | Gauntlet | HP: 1/77 [fire crab (13)]
  7814 | Gauntlet | 7814 ||| DROPPING +0 shortbow.
  7872 | Gauntlet | Identified the +4 scale mail "Fapup" {rPois}
  7872 | Gauntlet | Identified the ring of the Messenger {rF- rCorr MP+9 Str+3
                  | Stlth+}
  7872 | Gauntlet | Noticed a minotaur
  7873 | Gauntlet | 7873 ||| INVOKING Heroism.
  7874 | Gauntlet | 7874 ||| INVOKING Finesse.
  7881 | Gauntlet | Killed a minotaur
  7961 | Lair:2   | 7961 ||| PLANNING LAIR
  7972 | Lair:2   | Found a staircase to the Shoals.
  7984 | Lair:2   | 7984 ||| INVOKING Heroism.
  8198 | Lair:2   | You fall into a shaft and drop 2 floors!
  8206 | Lair:4   | Reached skill level 9 in Invocations
  8284 | Lair:4   | Noticed an eight-headed hydra
  8285 | Lair:4   | 8285 ||| INVOKING Heroism.
  8292 | Lair:4   | 8292 ||| INVOKING Finesse.
  8298 | Lair:4   | Killed an eight-headed hydra
  8346 | Lair:3   | Noticed Gastronok
  8347 | Lair:3   | 8347 ||| INVOKING Heroism.
  8358 | Lair:3   | Killed Gastronok
  8430 | Lair:3   | Reached skill level 15 in Ranged Weapons
  8431 | Lair:3   | Noticed a boulder beetle
  8432 | Lair:3   | 8432 ||| INVOKING Heroism.
  8433 | Lair:3   | 8433 ||| INVOKING Finesse.
  8456 | Lair:3   | Killed a boulder beetle
  8517 | Lair:3   | Found a transporter.
  8522 | Lair:3   | Noticed qw's ghost (journeyman MiHu)
  8537 | Lair:3   | 8537 ||| INVOKING Heroism.
  8542 | Lair:3   | Reached skill level 6 in Armour
  8547 | Lair:3   | Noticed Rupert
  8548 | Lair:3   | 8548 ||| INVOKING Finesse.
  8548 | Lair:3   | Paralysed by Rupert for 5 turns
  8564 | Lair:3   | Killed Rupert
  8599 | Lair:3   | Received a gift from Okawaru
  8705 | Lair:3   | Reached XP level 13. HP: 82/82 MP: 20/20
  8705 | Lair:3   | Found a staircase to the Snake Pit.
  8765 | Lair:3   | 8765 ||| READING 3 scrolls of identify.
  8765 | Lair:3   | 8765 ||| IDENTIFYING puce potion
  8766 | Lair:3   | 8766 ||| READING 2 scrolls of identify.
  8766 | Lair:3   | 8766 ||| IDENTIFYING white potion
  8848 | Lair:2   | 8848 ||| INVOKING Heroism.
  8861 | Lair:2   | Reached skill level 16 in Ranged Weapons
  8884 | Lair:2   | 8884 ||| INVOKING Finesse.
  8895 | Lair:2   | 8895 ||| DRINKING 2 smoky dark potions.
  8908 | Lair:2   | Received a gift from Okawaru
  9039 | Lair:2   | 9039 ||| INVOKING Heroism.
  9213 | Lair:2   | 9213 ||| DROPPING potion of invisibility.
  9241 | Lair:3   | 9241 ||| INVOKING Heroism.
  9377 | Lair:3   | 9377 ||| INVOKING Heroism.
  9453 | Lair:3   | Found a transporter.
  9740 | Lair:3   | 9740 ||| UPGRADING to +1 pair of boots.
  9750 | Lair:3   | 9750 ||| DROPPING +0 pair of boots.
  9751 | Lair:3   | 9751 ||| UPGRADING to +6 ring of dexterity.
  9753 | Lair:3   | 9753 ||| UPGRADING to ring of see invisible.
  9755 | Lair:3   | 9755 ||| READING 2 scrolls of identify.
  9755 | Lair:3   | 9755 ||| IDENTIFYING glowing sapphire potion
  9756 | Lair:3   | 9756 ||| DROPPING potion of berserk rage.
  9791 | Lair:4   | 9791 ||| INVOKING Heroism.
  9806 | Lair:4   | 9806 ||| STAIRDANCE
  9809 | Lair:3   | 9809 ||| INVOKING Finesse.
  9809 | Lair:3   | HP: 12/84 [death yak (18)]
  9810 | Lair:3   | 9810 ||| READING 2 scrolls of teleportation.
  9813 | Lair:3   | HP: 4/84 [death yak (11)]
  9815 | Lair:3   | Mangled by a death yak

Levels and vault maps discovered:
D:1:      dpeg_arrival_oval, layout_loops_ring
D:2:      layout_basic, serial_shops, shop, basic_altar
D:3:      layout_rooms, minmay_statues_item
D:4:      layout_gridville, mainiacjoe_overflow_catwalk, minmay_crystal_water,
          uniq_menkaure
D:5:      layout_basic, hangedman_abyss_or_decor_lesser_grid,
          kennysheep_generic_room_14
D:6:      layout_loops_ring
D:7:      layout_loops_ring, nicolae_ru_the_path_less_chosen, kennysheep_mini,
          minmay_temple_entry_statues
D:8:      layout_basic, nicolae_vehumet_altar_sigil,
          hellmonk_ghost_happy_afterlife,
          nicolae_concentric_dashed_squares_wild, roderic_serpentine_path
D:9:      layout_small_grid, nicolae_overflow_squiral,
          erik_lair_orcish_takeover, special_room [special_room_bee],
          nicolae_letterblocks [nicolae_letter_subblock,
          nicolae_letter_subblock, nicolae_letter_subblock,
          nicolae_letter_subblock, nicolae_letter_subblock,
          nicolae_letter_subblock, nicolae_letter_subblock,
          nicolae_letter_subblock, nicolae_letter_subblock,
          nicolae_letter_subblock, nicolae_letter_subblock,
          nicolae_letter_subblock, nicolae_letter_subblock,
          nicolae_letter_subblock, nicolae_letter_subblock,
          nicolae_letter_subblock, nicolae_letter_subblock,
          nicolae_letter_subblock, nicolae_letter_subblock,
          nicolae_letter_subblock, nicolae_letter_subblock,
          nicolae_letter_subblock, nicolae_letter_subblock,
          nicolae_letter_subblock, nicolae_letter_subblock]
Temple:   nicolae_temple_slightly_damp_pantheon
Lair:1:   layout_regular_city, serial_bayou_shore_b
Lair:2:   layout_small_grid, elwin_shoals_entry_rocks, gauntlet_entry_generic
Lair:3:   layout_chaotic_city, minmay_snake_entry_six_corridors,
          nzn_ghost_randoct, grunt_forest_small_clearings, uniq_gastronok,
          uniq_rupert
Lair:4:   layout_regular_city, minmay_slime_entry_pillars,
          ebering_ghost_reflecting_pool, eino_house_with_fridge,
          grunt_megastairs_5

Skill      XL: |  1  2  3  4  5  6  7  8  9 10 11 12 13 |
---------------+----------------------------------------+-----
Ranged Weapons | 5 6 7 8 9 11 13 14 15 16 | 16.1
Fighting       | 3 4 5 6 7 8 9 10 11 | 11.0
Armour         | 1 2 3 4 5 6 |  6.1
Dodging        | 2 3 4 5 |  5.8
Invocations    | 2 4 7 10 | 10.1
Stealth        | |  1.1

Action                     |  1- 3 |  4- 6 |  7- 9 | 10-12 | 13-15 || total
---------------------------+-------+-------+-------+-------+-------++-------
   Fire: Shortbow          |    91 |    43 |       |       |       ||   134
         Longbow           |       |    70 |   164 |   444 |    94 ||   772
 Invoke: Heroism           |       |       |     1 |    17 |     5 ||    23
         Finesse           |       |       |       |     4 |     2 ||     6
    Use: Scroll            |     4 |     8 |     8 |     4 |     4 ||    28
         Potion            |     1 |       |     1 |     4 |     1 ||     7
 Armour: Leather armour    |    11 |    26 |       |       |       ||    37
         Ring mail         |       |    14 |    45 |       |       ||    59
         Steam dragon scal |       |       |    30 |   146 |    12 ||   188
  Dodge: Dodged            |    17 |    62 |    91 |   211 |    25 ||   406

Table legend:
 A = Non-vault XP
 B = Vault XP
 C = Vault XP percentage of total XP
 D = Non-vault monster count
 E = Vault monster count
 F = Vault count percentage of total count
                 A         B        C        D         E       F
            +---------+---------+-------+---------+---------+-------
      Total |   29213 |   12111 |  29.3 |     235 |      60 |  20.3
            +---------+---------+-------+---------+---------+-------
        D:1 |      36 |       0 |   0.0 |      21 |       0 |   0.0
        D:2 |      94 |       0 |   0.0 |      26 |       0 |   0.0
        D:3 |      30 |       0 |   0.0 |      16 |       0 |   0.0
        D:4 |     269 |     169 |  38.6 |      18 |       1 |   5.3
        D:5 |     609 |       8 |   1.3 |      11 |       1 |   8.3
        D:6 |    1093 |       0 |   0.0 |      14 |       0 |   0.0
        D:7 |     590 |       0 |   0.0 |      11 |       0 |   0.0
        D:8 |    2506 |       0 |   0.0 |      31 |       0 |   0.0
        D:9 |    3673 |    2443 |  39.9 |      24 |      33 |  57.9
     Lair:1 |    5361 |       0 |   0.0 |      25 |       0 |   0.0
     Lair:2 |    4500 |       0 |   0.0 |      17 |       0 |   0.0
     Lair:3 |    5467 |    4600 |  45.7 |      12 |       8 |  40.0
     Lair:4 |    4985 |     403 |   7.5 |       9 |       2 |  18.2
   Gauntlet |       0 |    4488 | 100.0 |       0 |      15 | 100.0
            +---------+---------+-------+---------+---------+-------
